 Dungeon Crawl Stone Soup version 0.27.1-1-g398f81649c (webtiles) character file.

Game seed: 17777293165331306228

91 nxtlvl the Firebug (level 4, -4/30 HPs)
             Began as a Formicid Fire Elementalist on Sept 9, 2021.
             Slain by a centaur (10 damage)
             ... on level 4 of the Dungeon.
             The game lasted 00:06:32 (734 turns).

nxtlvl the Firebug (Formicid Fire Elementalist)      Turns: 734, Time: 00:06:32

Health: -4/30      AC:  3    Str: 13    XL:     4   Next: 87%
Magic:  1/7        EV: 11    Int: 15    God:
Gold:   50         SH:  0    Dex: 11    Spells: 6/7 levels left

rFire    . . .     SeeInvis +   a - +0 club
rCold    . . .     Faith    .   (no shield)
rNeg     . . .     Spirit   .   c - +0 leather armour
rPois    .         Reflect  .   (helmet unavailable)
rElec    .         Harm     .   (no cloak)
rCorr    .         Rampage  .   (no gloves)
Will     .....                  (no boots)
Stlth    ++........             (no amulet)
HPRegen  0.10/turn              (no ring)
MPRegen  0.10/turn              (no ring)

@: no status effects
A: permanent stasis, dig shafts and tunnels, antennae 3, four strong arms
a: Dig, Shaft Self


You were on level 4 of the Dungeon.
You visited 1 branch of the dungeon, and saw 4 of its levels.

You collected 50 gold pieces.

Inventory:

Hand Weapons
 a - a +0 club (weapon)
 b - a +0 dagger
Missiles
 g - 33 poisoned darts
 h - 2 curare-tipped darts
Armour
 c - a +0 leather armour (worn)
Magical Staves
 f - a staff of cold
Jewellery
 k - a ring of ice
 m - an amulet of faith
 n - a ring of ice
Scrolls
 e - a scroll of immolation
 j - a scroll of summoning {unknown}
 l - a scroll of identify {unknown}
Potions
 d - a potion of brilliance {unknown}
 i - 2 potions of curing {unknown}


   Skills:
 - Level 1.7 Dodging
 - Level 2.4 Stealth
 - Level 2.1 Spellcasting
 + Level 2.7 Conjurations
 + Level 4.2 Fire Magic


You had 6 spell levels left.
You knew the following spells:

 Your Spells              Type           Power      Damage    Failure   Level
z - Foxfire               Conj/Fire      48%        2x1d6     7%          1

Your spell library contained the following spells:

 Spells                   Type           Power      Damage    Failure   Level
 Conjure Flame            Conj/Fire      12%        6-21      21%         3
 Pain                     Necr           4%         1d4       28%         1
 Inner Flame              Hex/Fire       7%         N/A       34%         3
 Sticky Flame             Conj/Fire      12%        2d4       54%         4
 Fireball                 Conj/Fire      6%         3d5       88%         5
 Agony                    Necr           1%         N/A       100%        5
 Excruciating Wounds      Necr           0%         N/A       100%        5


Dungeon Overview and Level Annotations

Branches:
Dungeon (4/15)
 Temple: D:4-7

Altars:
Cheibriados
Kikubaaqudgha
Ru


Innate Abilities, Weirdness & Mutations

You cannot be hasted, slowed, berserked, paralysed or teleported.
You can dig through walls and to a lower floor.
You have a pair of large antennae on your head. (SInv)
Your four strong arms can wield two-handed weapons with a shield.


Message History

The centaur shoots an arrow.
The arrow hits you!
An ufetubus comes into view.
The ufetubus shouts!
The centaur unwields a +0 shortbow.
The centaur wields the +1 mace of Peril {holy, +Rage Dex+2}.
It softly glows with a divine radiance!
The centaur barely misses you. The centaur kicks you.
The ufetubus moves out of view.
Casting: Foxfire (safe; 7% risk of failure)
Confirm with . or Enter, or press ? or * to list all spells.
You conjure some foxfire!
The centaur hits you with the +1 mace of Peril {holy, +Rage Dex+2}.
The centaur completely misses you.
Unknown command.
Casting: Foxfire (safe; 7% risk of failure)
Confirm with . or Enter, or press ? or * to list all spells.
You conjure some foxfire!
The foxfire hits the centaur.
The centaur is moderately wounded.
The centaur hits you with the +1 mace of Peril {holy, +Rage Dex+2}.
The centaur barely misses you.
The centaur hits you with the +1 mace of Peril {holy, +Rage Dex+2}.
* * * LOW HITPOINT WARNING * * *
The centaur misses you.
Casting: Foxfire (safe; 7% risk of failure)
Confirm with . or Enter, or press ? or * to list all spells.
You conjure some foxfire!
The foxfire hits the ufetubus.
The ufetubus is lightly wounded.
The foxfire hits the ufetubus.
The ufetubus is moderately wounded.
The ufetubus misses you. The ufetubus barely misses you.
The foxfire hits the ufetubus.
The ufetubus is burned terribly!
You kill the ufetubus!
The centaur closely misses you. x2
Unknown command.
Casting: Foxfire (safe; 7% risk of failure)
Confirm with . or Enter, or press ? or * to list all spells.
You conjure some foxfire!
The foxfire hits the centaur.
The centaur is heavily wounded.
The centaur barely misses you. The centaur closely misses you.
The centaur hits you with the +1 mace of Peril {holy, +Rage Dex+2}!
You die...

.. #. .. #. .. ##'#.
.. #.... ## #....
######## #...#
........
#..c#########.......
#...@v......'........
#..§v§....###........
#.....###.# ...(....
#...(...###
#.###########
#.#######
#............
############# {


You could see a centaur (ally target).

Vanquished Creatures
  A bullfrog skeleton (D:4)
  Jessica (D:3)
  An ufetubus (D:4)
  3 orcs (D:4)
  A ball python (D:1)
  3 bats
  4 endoplasms
  2 giant cockroaches
  4 goblins
  2 hobgoblins
  A quokka (D:1)
  2 frilled lizards (D:1)
  3 rats
28 creatures vanquished.

Vanquished Creatures (others)
  77 foxfires
77 creatures vanquished.

Grand Total: 105 creatures vanquished

Notes
Turn   | Place    | Note
-------+----------+-------------------------------------------
     0 | D:1      | nxtlvl the Formicid Fire Elementalist began the quest for
                  | the Orb.
     0 | D:1      | Reached XP level 1. HP: 13/13 MP: 3/3
    92 | D:1      | Reached skill level 1 in Conjurations
   136 | D:1      | Found a faded altar of an unknown god.
   236 | D:1      | Reached XP level 2. HP: 19/19 MP: 3/5
   415 | D:3      | Found a sacrificial altar of Ru.
   434 | D:3      | Noticed Jessica
   444 | D:3      | Killed Jessica
   445 | D:3      | Reached XP level 3. HP: 24/24 MP: 1/6
   530 | D:3      | Reached XP level 4. HP: 21/30 MP: 3/7
   550 | D:3      | Found an ancient bone altar of Kikubaaqudgha.
   651 | D:4      | Reached skill level 4 in Fire Magic
   706 | D:4      | Found a snail-covered altar of Cheibriados.
   724 | D:4      | Identified the +1 mace of Peril {holy, +Rage Dex+2}
   724 | D:4      | Noticed a centaur
   734 | D:4      | Slain by a centaur

Illustrated notes

Levels and vault maps discovered:
D:1:      kennysheep_arrival_forest, layout_rooms,
          hellmonk_ecumenical_altar_blasted
D:2:      kennysheep_six_static_rooms, layout_rooms, chequers_mini_garden
D:3:      layout_loops_ring, mainiacjoe_overflow_chevrons,
          nicolae_ru_path_of_blood, nrook_uturn, uniq_jessica, uniq_robin
D:4:      kennysheep_spiral_hall, layout_basic, nicolae_uskayaw_dance_hall,
          cheibriados_altar_1, minmay_temple_entry_large_hall, uniq_edmund

Skill      XL: |  1  2  3  4 |
---------------+-------------+-----
Conjurations   | 1 2 |  2.7
Fire Magic     | 4 |  4.2
Dodging        | |  1.7
Stealth        | |  2.4
Spellcasting   | |  2.1

Action                   |  1- 3 |  4- 6 || total
-------------------------+-------+-------++-------
Melee: Unarmed           |     4 |       ||     4
       Club              |     7 |     4 ||    11
 Cast: Foxfire           |    34 |    16 ||    50
 Abil: Dig               |     5 |     4 ||     9
 Stab: Sleeping          |     1 |       ||     1
Armor: Leather armour    |     6 |     3 ||     9
Dodge: Dodged            |     9 |    14 ||    23
